 Dungeon Crawl Stone Soup version 0.30.0-29-ga12c61a403 (webtiles) character file.

Game seed: 13260798549272388392

5464 Fodor the Cruncher (level 10, -5/88 HPs)
             Began as a Minotaur Fighter on June 20, 2023.
             Was an Initiate of Gozag.
             Killed from afar by an acid dragon (29 damage)
             ... with a splash of acid
             ... on level 9 of the Dungeon.
             The game lasted 00:45:09 (9630 turns).

Fodor the Cruncher (Minotaur Fighter)               Turns: 9630, Time: 00:45:09

Health: -5/88      AC: 14    Str: 25    XL:     10   Next: 41%
Magic:  9/9        EV: 10    Int:  5    God:    Gozag
Gold:   1039       SH:  0    Dex: 10    Spells: 9/9 levels left

rFire   + . .        p - +2 great mace (protect)
rCold   . . .        (shield currently unavailable)
rNeg    . . .        k - +1 chain mail
rPois   .            (helmet restricted)
rElec   .            w - +0 cloak
rCorr   .            b - +0 pair of gloves
SInv    .            (no boots)
Will    .....        (no amulet) Stlth
                     u - ring of protection from fire
HPRegen 0.34/turn    (no ring)
MPRegen 0.11/turn

%: no passive effects
@: corroded, gold aura, under a protective aura
A: horns 2, retaliatory headbutt
a: Renounce Religion, Potion Petition, Call Merchant, Bribe Branch


You were on level 9 of the Dungeon.
You worshipped Gozag.
Gozag was most pleased with you.
You visited 2 branches of the dungeon, and saw 10 of its levels.

You collected 1401 gold pieces.
You spent 268 gold pieces at shops.
You paid 94 gold pieces to Gozag.

Inventory:

Hand Weapons
 a - a +0 long sword
 e - a +1 spectral quarterstaff
 n - a +0 sling
 p - a +2 great mace of protection (weapon)
Missiles
 o - 48 poisoned darts
 y - a throwing net (quivered)
Armour
 b - a +0 pair of gloves (worn)
 c - a +0 buckler
 k - a +1 chain mail (worn)
 w - a +0 cloak (worn)
Jewellery
 u - a ring of protection from fire (left hand)
Wands
 C - a wand of flame (14)
 D - a wand of paralysis (6)
Scrolls
 f - 4 scrolls of teleportation
 h - a scroll of fear
 m - 4 scrolls of poison
 s - a scroll of fog
 t - a scroll of noise
 x - a scroll of identify
 B - a scroll of blinking {unknown}
 E - 2 scrolls of immolation {unknown}
 F - 2 scrolls of brand weapon {unknown}
Potions
 d - a potion of might
 g - a potion of lignification {unknown}
 i - 4 potions of heal wounds {unknown}
 j - 4 potions of flight {unknown}
 l - 4 potions of brilliance {unknown}
 q - 4 potions of curing {unknown}
 r - a potion of invisibility
 v - 5 potions of haste {unknown}
 z - a potion of berserk rage {unknown}
 A - a potion of attraction {unknown}
 G - a potion of cancellation {unknown}
 H - a potion of mutation {unknown}


   Skills:
 + Level 8.2 Fighting
 + Level 3.0 Long Blades
 + Level 8.4(10.8) Maces & Flails
 + Level 10.7(11.9) Staves
 + Level 9.8 Armour
 + Level 2.9 Dodging
 + Level 1.0 Stealth
 + Level 4.0 Shields


You had 9 spell levels left.
You didn't know any spells.
Your spell library contained the following spells:

 Spells                   Type           Power      Damage    Failure   Level
 Blink                    Tloc           0%         N/A       97%         2
 Lesser Beckoning         Tloc           0%         N/A       97%         2
 Momentum Strike          Conj/Tloc      0%         3d8       97%         2
 Dazzling Flash           Conj/Hex       0%         N/A       100%        3
 Agony                    Necr           0%         N/A       100%        5
 Silence                  Hex/Air        0%         N/A       100%        5


Dungeon Overview and Level Annotations

Branches:
Dungeon (9/15)             Temple (1/1) D:4            Lair (0/5) D:9
    Orc: D:9-12

Altars:
Cheibriados
Dithmenos
Gozag
Hepliaklqana
Makhleb
Nemelex Xobeh
Okawaru
Ru
Sif Muna
Trog
Uskayaw
Vehumet
Wu Jian
Xom
Yredelemnul

Shops:
D:1 *   D:9 *


Innate Abilities, Weirdness & Mutations

You have a pair of horns on your head.
You reflexively headbutt those who attack you in melee.


Message History

You barely miss the acid dragon. You headbutt the acid dragon.
The acid dragon is lightly wounded.
The acid dragon bites you.
The acid dragon claws you but does no damage.
The wight barely misses you. x2
The acid dragon bites you but does no damage.
The acid dragon claws you but does no damage.
The wight hits you with a +0 flail. The acid dragon bites you!
The acid dragon claws you but does no damage.
You bludgeon the wight!!
Your weapon exudes an aura of protection.
You destroy the wight!
You hit the wight. You headbutt the wight.
The wight is moderately damaged.
The wight barely misses you.
You sock the wight!
The wight is almost destroyed.
The wight barely misses you. You furiously retaliate!
You headbutt the wight.
You destroy the wight!
The acid dragon spits acid at you. The splash of acid hits you!!
The acid corrodes you! The acid dragon bites you. The acid dragon claws you.
* * * LOW HITPOINT WARNING * * *
Items here: $ )) [[.
You sock the acid dragon!
The acid dragon is severely wounded.
The acid dragon closely misses you.
The acid dragon claws you but does no damage.
You hit the acid dragon. Your headbutt misses the acid dragon.
The acid dragon is severely wounded.
The acid dragon bites you.
* * * LOW HITPOINT WARNING * * *
The acid dragon barely misses you.
You barely miss the acid dragon. Your headbutt misses the acid dragon.
The acid dragon is severely wounded.
The acid dragon spits acid at you. The splash of acid hits you!!
You die...
Your body crumbles into a pile of gold.

...#.................#
....#.......#.........#
....
#.......####......#
#.#....... #.######
#... .... #.#
#....##.######.# #
#...........#
##.####.######## ....
#@# ..... #D##
......#z.# .........#
...............
...............
...............
...............
...............


You could see an acid dragon (catching breath) and a wight.

Vanquished Creatures
  Erica (D:8)
  A two-headed ogre (D:9)
  Pikel (D:5)
  Grinder (D:6)
  Prince Ribbit (D:5)
  Sigmund (D:3)
  Eustachio (D:6)
  A steam dragon (D:9)
  A sky beast (D:7)
  2 orc warriors
  A black bear (D:6)
  A centaur (D:8)
  2 phantoms
  4 kobold brigands
  2 lemures (D:5)
  Blork the orc (D:6)
  2 bullfrogs (D:7)
  A gnoll sergeant (D:9)
  2 scorpions
  6 wights
  5 killer bees (D:8)
  A howler monkey (D:4)
  A jelly (D:6)
  7 orc priests
  3 gnoll boudas (D:6)
  2 hounds
  3 sleepcaps
  5 iguanas
  7 orc wizards
  18 gnolls
  9 adders
  A shadow imp (D:6)
  4 white imps
  A worm (D:2)
  5 dart slugs
  38 orcs
  8 endoplasms
  3 giant cockroaches
  11 goblins
  8 hobgoblins
  7 jackals
  A quokka (D:2)
  9 ball pythons
  5 bats
  2 frilled lizards (D:1)
  30 kobolds
  4 rats
231 creatures vanquished.

Notes
Turn   | Place    | Note
-------+----------+-------------------------------------------
     0 | D:1      | Fodor the Minotaur Fighter began the quest for the Orb.
     0 | D:1      | Reached XP level 1. HP: 19/19 MP: 0/0
   108 | D:1      | Found a faded altar of an unknown god.
   199 | D:1      | Reached XP level 2. HP: 27/27 MP: 1/1
   341 | D:1      | Found Beejabri's Assorted Antiques.
   918 | D:2      | Reached XP level 3. HP: 33/33 MP: 2/2
  1194 | D:2      | Reached XP level 4. HP: 40/41 MP: 3/3
  1316 | D:2      | Reached skill level 5 in Fighting
  1796 | D:3      | Reached skill level 1 in Staves
  1900 | D:3      | Reached skill level 2 in Staves
  1920 | D:3      | Noticed Sigmund
  1936 | D:3      | Killed Sigmund
  1937 | D:3      | Reached skill level 4 in Staves
  1937 | D:3      | Reached skill level 1 in Dodging
  1937 | D:3      | Reached XP level 5. HP: 26/48 MP: 4/4
  1937 | D:3      | Reached XP level 6. HP: 30/56 MP: 5/5
  2060 | D:3      | Found a shadowy altar of Dithmenos.
  2844 | D:4      | Reached skill level 5 in Armour
  2985 | D:4      | Reached skill level 5 in Staves
  3065 | D:4      | Found a staircase to the Ecumenical Temple.
  3092 | Temple   | Entered the Ecumenical Temple
  3107 | Temple   | Became a worshipper of Gozag Ym Sagoz the Greedy
  3170 | D:4      | Noticed an orc warrior
  3176 | D:4      | Reached XP level 7. HP: 61/61 MP: 6/6
  3184 | D:4      | Reached skill level 6 in Staves
  3582 | D:5      | Entered Level 5 of the Dungeon
  3610 | D:5      | Noticed Pikel
  3636 | D:5      | HP: 2/61 [lemure[Pikel] (5)]
  3637 | D:5      | Killed Pikel
  3638 | D:5      | Reached skill level 7 in Staves
  3638 | D:5      | Reached XP level 8. HP: 3/70 MP: 7/7
  4028 | D:5      | Found a bloodstained altar of Trog.
  4029 | D:5      | Found a sparkling altar of Nemelex Xobeh.
  4033 | D:5      | Found a snail-covered altar of Cheibriados.
  4035 | D:5      | Found a hazy altar of Hepliaklqana.
  4607 | D:5      | Reached skill level 8 in Staves
  4839 | D:5      | Noticed Prince Ribbit
  4848 | D:5      | Killed Prince Ribbit
  4863 | D:5      | Found a large runed translucent door.
  4863 | D:5      | Found a large runed translucent door.
  4929 | D:5      | Found a sacrificial altar of Ru.
  4947 | D:5      | Found a shimmering blue altar of Sif Muna.
  5141 | D:6      | Noticed Eustachio
  5150 | D:6      | Killed Eustachio
  5151 | D:6      | Reached skill level 9 in Staves
  5460 | D:6      | Noticed Grinder
  5475 | D:6      | Reached XP level 9. HP: 57/79 MP: 8/8
  5491 | D:6      | Killed Grinder
  5492 | D:6      | Reached skill level 10 in Staves
  5587 | D:6      | Found a radiant altar of Vehumet.
  5725 | D:6      | Noticed Blork the orc
  5736 | D:6      | Killed Blork the orc
  6135 | D:6      | Reached skill level 1 in Stealth
  6286 | D:7      | Reached skill level 1 in Maces & Flails
  7178 | D:8      | Noticed Erica
  7191 | D:8      | Killed Erica
  7192 | D:8      | Reached skill level 5 in Maces & Flails
  7304 | D:8      | Found an ornate altar of the Wu Jian Council.
  7379 | D:8      | Reached XP level 10. HP: 86/88 MP: 9/9
  8424 | D:8      | Paralysed by a centaur for 4 turns
  8556 | D:9      | Noticed a two-headed ogre
  8564 | D:9      | Killed a two-headed ogre
  9217 | D:1      | Bought a scroll labelled MEOD DITHRAMAS for 28 gold pieces
  9217 | D:1      | Bought a metallic clear potion for 25 gold pieces
  9435 | D:9      | Found Kesarr's Assorted Antiques.
  9443 | D:9      | Bought a scroll labelled MEOD DITHRAMAS for 28 gold pieces
  9443 | D:9      | Bought a fizzy cyan potion for 25 gold pieces
  9443 | D:9      | Bought a scroll labelled MIRUSAF ENUCA for 28 gold pieces
  9443 | D:9      | Bought a scroll of teleportation for 84 gold pieces
  9443 | D:9      | Bought a sedimented purple potion for 25 gold pieces
  9443 | D:9      | Bought a fuming ruby potion for 25 gold pieces
  9453 | D:9      | Found a staircase to the Lair.
  9630 | D:9      | Killed from afar by an acid dragon

Illustrated notes

Levels and vault maps discovered:
D:1:      roderic_dead_forest, layout_loops_ring, serial_shops, shop_fountains,
          chequers_ecumenical_altar_simple_redux
D:2:      layout_loops_cross, nrook_campfire, kennysheep_generic_room_11
D:3:      layout_basic, nicolae_dithmenos_through_a_glass_darkly, uniq_sigmund
D:4:      layout_rooms, minmay_temple_entry_mist, hangedman_decor_peaks_small,
          guppyfry_early_orc_mine
D:5:      layout_basic, chequers_temple_overflow_statue_of_worship,
          jmf_multi_god_temple2, uniq_pikel, uniq_prince_ribbit1
D:6:      layout_basic, fiery_altar_vehumet, serial_curves, eino_curves_01,
          eino_curves_01, uniq_eustachio, uniq_grinder, uniq_blork_the_orc
D:7:      layout_basic
D:8:      layout_basic, nzn_wu_jian_council_hall, uniq_erica
D:9:      layout_rooms, mainiacjoe_overflow_brackets, lair_entry_dummy,
          serial_shops, shop, kennysheep_donut
Temple:   compressed_dpeg_triangle_lava_temple

Skill      XL: |  1  2  3  4  5  6  7  8  9 10 |
---------------+-------------------------------+-----
Armour         | 4 5 6 7 9 |  9.8
Shields        | 4 |  4.0
Fighting       | 4 5 6 7 8 |  8.2
Long Blades    | 3 |  3.0
Staves         | 4 5 7 9 10 | 10.7
Dodging        | 1 2 |  2.9
Stealth        | 1 |  1.0
Maces & Flails | 6 8 |  8.4

Action                     |  1- 3 |  4- 6 |  7- 9 | 10-12 || total
---------------------------+-------+-------+-------+-------++-------
  Melee: Long sword        |    52 |       |       |       ||    52
         Headbutt          |     7 |    12 |    37 |    20 ||    76
         Quarterstaff      |    29 |    93 |   139 |       ||   261
         Great mace        |       |       |    93 |    91 ||   184
    Use: Scroll            |       |     1 |     9 |       ||    10
 Armour: Scale mail        |    51 |       |       |       ||    51
         Chain mail        |     1 |    56 |   155 |   104 ||   316
  Dodge: Dodged            |    50 |    30 |   116 |    50 ||   246
  Block: Buckler           |    12 |       |       |       ||    12
